AoeStats
← TheBunjiMunji

MegaRandom

510351838Analyzed
4v4 RM · 1d ago on Sep 30, 2026· 50m 53s· 8 players
Game mode
Random Map
Map size
Large (8 player)
Population
200
Speed
Normal
Resources
Standard
Victory
Conquest
Starting age
Dark Age
Ending age
Imperial Age
RankedLock teamsTeams togetherTeam positionsShared explorationLock speedFull tech treeHidden civsTurbo modeCheats
Victory
Defeat
🇬🇧 Inca · United Kingdom
861
+9
🇮🇳 Malay · India
828
+10
🇨🇴 Inca · Colombia
689
+16
🇮🇹 Vietnamese · Italy
614
+18
🇷🇺 Mongols · Russia
735
-15
🇺🇸 Poles · United States
716
-14
🇸🇰 Inca · Slovakia
647
-12
🇹🇷 Khmer · Türkiye
646
-12
iKalakamalaka
8:05 Loom
11:35 Feudal Age
12:53 Wheelbarrow
12:04 Town Watch
12:09 Double-Bit Axe
12:07 Horse Collar
23:05 Castle Age
21:43 Arson
22:17 Forging
22:13 Scale Barding Armor
22:48 Bloodlines
24:12 Hand Cart
24:53 Bow Saw
26:21 Chain Barding Armor
26:19 Heavy Plow
27:13 Gold Mining
27:14 Stone Mining
28:42 Husbandry
28:03 Light Cavalry
28:43 Treadmill Crane
29:24 Ballistics
28:40 Elite Skirmisher
30:25 Fervor
30:37 Sanctity
30:35 Scale Mail Armor
33:20 Stone Shaft Mining
33:52 Masonry
33:40 Murder Holes
35:12 Caravan
35:59 Szlachta Privileges
36:01 Squires
37:12 Town Patrol
37:26 Pikeman
38:29 Ballistics
38:21 Masonry
43:42 Imperial Age
42:29 Iron Casting
41:55 Scale Mail Armor
44:16 Chain Mail Armor
50:48 Imperial Age
Ruhi TIĞLI
2:08 Loom
14:19 Feudal Age
18:29 Double-Bit Axe
18:48 Horse Collar
20:42 Gold Mining
20:42 Stone Mining
23:27 Castle Age
22:29 Stone Mining
24:25 Wheelbarrow
25:53 Gold Shaft Mining
25:53 Stone Shaft Mining
26:06 Hand Cart
32:17 Imperial Age
31:26 Bow Saw
31:04 Town Watch
32:52 Caravan
35:57 Stone Shaft Mining
hsqvrn
0:31 Loom
10:37 Feudal Age
11:37 Double-Bit Axe
11:34 Horse Collar
14:35 Gold Mining
19:01 Bloodlines
20:58 Castle Age
20:52 Forging
20:48 Scale Barding Armor
20:34 Fletching
20:45 Padded Archer Armor
21:07 Stone Mining
22:17 Iron Casting
22:09 Bow Saw
22:11 Heavy Plow
23:26 Stone Shaft Mining
25:07 Husbandry
24:28 Light Cavalry
28:00 Gold Shaft Mining
27:51 Chain Barding Armor
27:27 Bodkin Arrow
28:15 Scale Mail Armor
30:38 Wheelbarrow
30:13 Murder Holes
31:02 Chain Mail Armor
31:03 Leather Archer Armor
32:48 Hand Cart
33:02 Nomads
37:14 Imperial Age
34:33 Town Watch
35:19 Town Patrol
37:42 Ballistics
37:16 Elite Mangudai
38:42 Parthian Tactics
38:46 Conscription
38:50 Drill
38:47 Bracer
41:43 Hoardings
43:12 Blast Furnace
42:42 Plate Mail Armor
42:33 Thumb Ring
44:40 Onager
46:30 Siege Onager
Slopers
8:41 Feudal Age
9:10 Horse Collar
9:16 Double-Bit Axe
15:47 Gold Mining
15:48 Stone Mining
20:37 Castle Age
21:29 Padded Archer Armor
21:20 Fletching
23:31 Bodkin Arrow
23:51 Leather Archer Armor
24:03 Leather Archer Armor
24:15 Squires
25:15 Champi Runner
29:07 Champi Warrior
30:14 Forging
30:04 Scale Mail Armor
31:46 Iron Casting
33:39 Bow Saw
TheBunjiMunji
3:31 Loom
10:38 Feudal Age
16:19 Castle Age
15:21 Double-Bit Axe
15:50 Horse Collar
24:03 Heavy Plow
26:23 Bow Saw
29:48 Wheelbarrow
33:06 Imperial Age
31:41 Hand Cart
32:06 Fortified Wall
32:19 Ballistics
32:13 Stone Mining
32:13 Gold Mining
32:39 Forging
32:30 Scale Mail Armor
32:46 Town Watch
33:06 Caravan
34:30 Chain Mail Armor
34:50 Iron Casting
33:39 Elite Kamayuk
34:14 Capped Ram
36:54 Conscription
36:42 Fabric Shields
37:31 Crop Rotation
37:36 Gold Shaft Mining
38:18 Blast Furnace
37:48 Plate Mail Armor
39:29 Siege Ram
40:49 Siege Engineers
43:49 Squires
43:34 Arson
massiPro97
0:47 Loom
10:28 Feudal Age
11:44 Wheelbarrow
10:55 Town Watch
11:01 Double-Bit Axe
11:14 Stone Mining
11:24 Gold Mining
13:28 Horse Collar
15:37 Scale Mail Armor
16:05 Padded Archer Armor
22:53 Castle Age
23:58 Hand Cart
23:44 Town Patrol
23:48 Heavy Plow
23:59 Bow Saw
24:29 Stone Shaft Mining
26:49 Sanctity
26:46 Scale Barding Armor
26:56 Chain Mail Armor
26:57 Leather Archer Armor
26:37 Fletching
26:58 Forging
30:55 Imperial Age
28:41 Caravan
30:57 Chain Barding Armor
32:10 Crop Rotation
32:43 Two-Man Saw
34:07 Plate Barding Armor
35:24 Paper Money
36:48 Cavalier
37:29 Husbandry
36:55 Crossbowman
37:41 Thumb Ring
37:01 Pikeman
37:41 Squires
39:57 Plate Mail Armor
39:57 Ring Archer Armor
40:03 Iron Casting
39:23 Bodkin Arrow
41:27 Capped Ram
42:12 Chatras
41:32 Elite Rattan Archer
43:12 Elite Battle Elephant
45:02 Arbalester
46:54 Hoardings
50:05 Bloodlines
Juanes22
10:40 Feudal Age
11:27 Horse Collar
11:35 Double-Bit Axe
20:31 Castle Age
19:55 Gold Mining
19:58 Stone Mining
21:20 Heavy Plow
32:09 Imperial Age
32:22 Wheelbarrow
33:55 Conscription
34:51 Pikeman
35:32 Squires
35:17 Arson
36:35 Bow Saw
37:02 Crop Rotation
36:45 Scale Mail Armor
36:55 Forging
36:14 Halberdier
38:38 Hand Cart
40:21 Gold Shaft Mining
40:24 Stone Shaft Mining
41:11 Iron Casting
40:52 Chain Mail Armor
40:38 Padded Archer Armor
40:29 Fletching
40:30 Loom
40:31 Town Watch
40:55 Andean Sling
41:06 Fabric Shields
40:47 Champi Runner
42:06 Town Patrol
42:17 Elite Kamayuk
44:33 Hoardings
46:03 Caravan
46:34 Coinage
46:15 Guilds
47:09 Blast Furnace
48:14 Plate Mail Armor
47:51 Champi Warrior
48:37 Bodkin Arrow
48:58 Leather Archer Armor
48:12 Elite Skirmisher
48:12 Crossbowman
48:58 Thumb Ring
49:52 Bracer
49:31 Imperial Skirmisher
FluxyAshYT
0:32 Loom
12:26 Feudal Age
16:40 Castle Age
14:47 Double-Bit Axe
17:22 Stone Mining
19:37 Horse Collar
28:06 Imperial Age
26:35 Gold Mining
27:19 Heavy Plow
29:20 Chemistry
28:16 Capped Ram
29:37 Fletching
29:47 Padded Archer Armor
29:58 Forging
29:36 Elite Karambit Warrior
30:24 Man-at-Arms
31:47 Wheelbarrow
32:07 Bow Saw
31:46 Treadmill Crane
33:09 Conscription
34:11 Gold Shaft Mining
33:44 Bodkin Arrow
34:04 Leather Archer Armor
34:39 Elite Battle Elephant
36:03 Scale Barding Armor
43:40 Bracer
44:11 Ring Archer Armor
44:16 Iron Casting
49:53 Blast Furnace
Connection lost

Rejoining the realm…

Still unreachable

The connection could not be restored.

Session expired

The server has moved on; the page needs a fresh start.